 Dungeon Crawl Stone Soup version 0.27-a0-32-g443bf2d2ca (webtiles) character file.

Game seed: 12222789914426801404

60 DocSulfur the Ruffian (level 3, -5/29 HPs)
             Began as a Draconian Transmuter on Jan 4, 2021.
             Slain by an orc
             ... wielding a cursed -3 flail
              (8 damage)
             ... on level 3 of the Dungeon.
             The game lasted 00:02:26 (1809 turns).

DocSulfur the Ruffian (Draconian Transmuter)        Turns: 1809, Time: 00:02:27

Health: -5/29      AC:  5    Str: 13    XL:     3   Next: 82%
Magic:  5/6        EV: 12    Int: 13    God:
Gold:   119        SH:  0    Dex: 11    Spells: 3/6 levels left

rFire    . . .     SeeInvis .     - Unarmed
rCold    + . .     Faith    .   (no shield)
rNeg     . . .     Spirit   .   (armour unavailable)
rPois    .         Reflect  .   (helmet currently unavailable)
rElec    .         Harm     .   (no cloak)
rCorr    .         Rampage  .   (no gloves)
Will     .....                  (boots currently unavailable)
Stlth    +.........             (no amulet)
HPRegen  0.09/turn              a - ring of protection from cold
MPRegen  0.10/turn              (no ring)

@: appendages (expiring)
A: unfitting armour, horns 2, talons 2, cold-blooded, AC +5
a: End Transformation


You were on level 3 of the Dungeon.
You had grown temporary horns.
You had grown temporary talons.
You visited 1 branch of the dungeon, and saw 3 of its levels.

You collected 119 gold pieces.

Inventory:

Armour
 n - a +2 pair of boots (melded)
Jewellery
 a - a ring of protection from cold (left hand)
 h - an uncursed ring of protection from fire {unknown}
Scrolls
 c - a scroll of fog {unknown}
 e - a scroll of immolation {unknown}
 f - 2 scrolls of remove curse {unknown}
 g - 2 scrolls of enchant armour {unknown}
 j - a scroll of blinking {unknown}
 l - a scroll of random uselessness {unknown}
 m - a scroll of magic mapping {unknown}
 o - a scroll of teleportation {unknown}
 p - 2 scrolls of identify {unknown}
Potions
 b - a potion of curing {unknown}
 d - 3 potions of attraction {unknown}
 i - 2 potions of invisibility {unknown}
 k - 2 potions of lignification {unknown}


   Skills:
 + Level 1.8 Fighting
 - Level 1.7 Dodging
 * Level 3.7 Unarmed Combat
 + Level 2.3 Spellcasting
 * Level 2.9 Transmutations


You had 3 spell levels left.
You knew the following spells:

 Your Spells              Type           Power        Failure   Level
a - Beastly Appendage     Tmut           18%          8%          1
b - Wereblood             Tmut           9%           11%         2

Your spell library contained the following spells:

 Spells                   Type           Power        Failure   Level
 Spider Form              Tmut/Pois      2%           38%         3
 Ice Form                 Ice/Tmut       5%           80%         4
 Blade Hands              Tmut           4%           90%         5


Dungeon Overview and Level Annotations

Branches:
Dungeon (3/15)

Altars:
Ashenzari
Kikubaaqudgha
Nemelex Xobeh
Sif Muna
Yredelemnul
The Shining One


Innate Abilities, Weirdness & Mutations

Your plain brown scales are hard. (AC +5)
You cannot fit into any form of body armour.
You are cold-blooded and may be slowed by cold attacks.
You have a pair of horns on your head.
You have razor-sharp toenails.


Message History

Your headbutt misses the orc.
The orc is almost dead.
The orc priest looks encouraged for a moment.
The orc completely misses you. The orc closely misses you. The orc hits you.
You hit the orc.
You kill the orc!
The orc hits you with a cursed -3 flail.
The orc misses you. The orc hits you but does no damage.
You hit the orc.
The orc is heavily wounded.
Your transformation is almost over.
The orc hits you with a +0 falchion!
* * * LOW HITPOINT WARNING * * *
The orc barely misses you. The orc hits you.
* * * LOW HITPOINT WARNING * * *
The orc barely misses you.
The orc priest calls upon Beogh to heal the orc.
The orc's wounds heal themselves!
The orc hits you with a cursed -3 flail!
You die...

.... .# .... .#
# ... .# .#
..##.###.##
........(.
.........
#$.......
#@.......
..#####oo....).
......o<##...##
..#...ooo.o....
#............
#............
#............
#............
#..<.........


You could see an orc priest and 5 orcs.

Vanquished Creatures
  A gnoll (D:1)
  An adder (D:2)
  A dart slug (D:2)
  An orc (D:3)
  A giant cockroach (D:1)
  4 goblins (D:1)
  2 hobgoblins
  6 jackals (D:1)
  5 bats
  5 frilled lizards
  4 kobolds (D:1)
  8 rats
39 creatures vanquished.

Notes
Turn   | Place    | Note
-------+----------+-------------------------------------------
     0 | D:1      | DocSulfur the Draconian Transmuter began the quest for the
                  | Orb.
     0 | D:1      | Reached XP level 1. HP: 16/16 MP: 3/3
   116 | D:1      | Reached XP level 2. HP: 23/23 MP: 5/5
   130 | D:1      | Learned a level 2 spell: Wereblood
   562 | D:1      | Reached XP level 3. HP: 25/28 MP: 4/6
   597 | D:1      | You fall into a shaft and drop 1 floor!
   814 | D:2      | Found a broken altar of Ashenzari.
   817 | D:2      | Found a sparkling altar of Nemelex Xobeh.
   817 | D:2      | Found an ancient bone altar of Kikubaaqudgha.
   819 | D:2      | Found a basalt altar of Yredelemnul.
   821 | D:2      | Found a shimmering blue altar of Sif Muna.
   821 | D:2      | Found a glowing golden altar of the Shining One.
  1809 | D:3      | Slain by an orc

Illustrated notes

Levels and vault maps discovered:
D:1:      elethiomel_arrival_quiet, layout_basic
D:2:      layout_loops_cross, grunt_temple_overflow_open
D:3:      kennysheep_goblin_castle, layout_basic, old_standard_altar,
          uniq_robin, uniq_ijyb

Action                   || total
-------------------------++-------
Melee: Unarmed           ||   121
       Kick              ||    10
       Tailslap          ||     8
       Headbutt          ||     6
       Punch             ||     2
 Cast: Beastly Appendage ||    16
 Stab: Distracted        ||     1
Armor: Skin              ||    39
Dodge: Dodged            ||    88

Table legend: (Time is in decaauts)
 A = Elapsed time spent in this place.
 B = Non-inter-level travel time spent in this place.
 C = Inter-level travel time spent in this place.
 D = Time resting spent in this place.
 E = Time spent auto-exploring this place.
 F = Levels seen in this place.
 G = Mean time per level.
                   A        B        C        D        E       F      G
               +--------+--------+--------+--------+--------+-----+--------+
         Total |   1801 |   1713 |     88 |      0 |   1455 |   3 |  600.3 |
       Dungeon |   1801 |   1713 |     88 |      0 |   1455 |   3 |  600.3 |
               +--------+--------+--------+--------+--------+-----+--------+

Top non-repeatable levels by time:
     D:1: 1059 daAuts
     D:2: 730 daAuts
     D:3: 11 daAuts
